AoeStats
← Herby

Arena

505599213Analyzed
4v4 RM · 22d ago on Sep 10, 2026· 30m 47s· 8 players
Game mode
Random Map
Map size
Large (8 player)
Population
200
Speed
Normal
Resources
Standard
Victory
Conquest
Starting age
Dark Age
Ending age
Imperial Age
RankedLock teamsTeams togetherTeam positionsShared explorationLock speedFull tech treeHidden civsTurbo modeCheats
Victory
Defeat
🇲🇽 Romans · Mexico
1437
+13
🇲🇽 Mapuche · Mexico
1429
+14
🇵🇪 Hindustanis · Peru
1410
+14
🇳🇿 Turks · New Zealand
1401
+15
🇲🇽 Bengalis · Mexico
1501
-18
🇦🇷 Hindustanis · Argentina
1375
-14
🇨🇷 Mongols · Costa Rica
1346
-13
🇲🇽 Persians · Mexico
1291
-11
_BeTo_
10:51 Feudal Age
15:10 Castle Age
14:24 Horse Collar
15:27 Double-Bit Axe
15:50 Light Cavalry
26:25 Loom
29:35 Imperial Age
27:04 Fletching
27:48 Bodkin Arrow
28:19 Ballistics
29:00 Redemption
EXILE | Mancoazteca
10:38 Feudal Age
11:11 Town Watch
11:48 Loom
16:56 Castle Age
14:59 Double-Bit Axe
15:17 Horse Collar
17:52 Gold Mining
18:43 Bow Saw
21:29 Scale Barding Armor
23:56 Chain Barding Armor
24:24 Forging
25:04 Husbandry
26:43 Iron Casting
26:55 Bloodlines
30:31 Fletching
EXILE | Ale
9:41 Feudal Age
10:52 Loom
14:13 Castle Age
12:49 Double-Bit Axe
13:41 Horse Collar
18:04 Fletching
Ux'Marianop
12:04 Feudal Age
12:57 Double-Bit Axe
16:04 Castle Age
14:05 Horse Collar
17:19 Bow Saw
17:06 Light Cavalry
18:09 Bloodlines
18:01 Husbandry
20:02 Loom
21:03 Scale Barding Armor
21:53 Forging
22:49 Fervor
22:52 Gold Mining
22:52 Stone Mining
23:15 Heavy Plow
24:19 Wheelbarrow
25:56 Hand Cart
25:27 Town Watch
27:23 Devotion
28:30 Chain Barding Armor
28:45 Iron Casting
32:58 Imperial Age
30:47 Fortified Wall
30:33 Murder Holes
31:00 Ballistics
30:51 Masonry
Herby
3:36 Loom
10:40 Feudal Age
14:45 Castle Age
13:16 Double-Bit Axe
14:05 Gold Mining
15:47 Bow Saw
20:57 Ballistics
30:53 Redemption
CURITA1000
10:17 Feudal Age
14:08 Castle Age
12:07 Double-Bit Axe
12:24 Horse Collar
15:16 Bow Saw
17:26 Loom
21:14 Fervor
21:48 Wheelbarrow
23:10 Hand Cart
23:49 Husbandry
24:01 Bloodlines
23:57 Scale Barding Armor
25:08 Forging
26:23 Heavy Plow
27:23 Chain Barding Armor
28:56 Iron Casting
28:30 Gold Mining
31:54 Imperial Age
JayJayNico
11:00 Feudal Age
9:47 Loom
15:08 Castle Age
13:33 Double-Bit Axe
25:21 Imperial Age
23:10 Gold Mining
23:42 Bow Saw
24:03 Padded Archer Armor
26:02 Gold Mining
27:00 Leather Archer Armor
27:41 Gold Shaft Mining
[Pb] Komodo 3000
10:08 Feudal Age
14:05 Castle Age
13:32 Double-Bit Axe
14:05 Gold Mining
19:14 Horse Collar
28:57 Forging
31:32 Iron Casting
Connection lost

Rejoining the realm…

Still unreachable

The connection could not be restored.

Session expired

The server has moved on; the page needs a fresh start.